 Dungeon Crawl Stone Soup version 0.21.1-1-g345015f (webtiles) character file.

15 inc the Vexing (level 2, 0/11 HPs)
             Began as a Felid Enchanter on Mar 5, 2018.
             Hit by a goblin thrown by Robin (2 damage)
             ... on level 2 of the Dungeon.
             The game lasted 00:01:02 (824 turns).

inc the Vexing (Felid Enchanter)                     Turns: 824, Time: 00:01:03

Health: 0/11       AC:  1    Str:  4    XL:     2   Next: 34%
Magic:  6/6        EV: 18    Int: 16    God:
Gold:   48         SH:  0    Dex: 16    Spells: 2/5 levels left
                                        Lives:  0   Deaths: 0

rFire    . . .     SeeInvis +     - Unarmed
rCold    . . .     Gourm    .   (shield unavailable)
rNeg     . . .     Faith    .   (armour unavailable)
rPois    .         Spirit   .   (helmet unavailable)
rElec    .         Reflect  .   (cloak unavailable)
rCorr    .         Harm     .   (gloves unavailable)
MR       .....                  (boots unavailable)
Stlth    +++.......             (no amulet)
HPRegen  0.03/turn              (no ring)
MPRegen  0.10/turn              (no ring)

@: quick
A: very small, no armour, no weapons or thrown items, stealth, claws 1, fangs 3,
see invisible, carnivore, speed 1, shaggy fur 1, slow metabolism 1, sharp paws
a: no special abilities


You were on level 2 of the Dungeon.
You were not hungry.

You visited 1 branch of the dungeon, and saw 2 of its levels.

You collected 48 gold pieces.

Inventory:

Scrolls
 d - a scroll of identify {unknown}
Potions
 c - a potion of flight {unknown}
Books
 a - a book of Maledictions

   Spells                             Type                      Level
   a - Corona                         Hexes                        1
   b - Ensorcelled Hibernation        Hexes/Ice                    2
   c - Confuse                        Hexes                        3
   d - Tukima's Dance                 Hexes                        3
   e - Dazzling Spray                 Conjuration/Hexes            3
Comestibles
 b - 2 rations


   Skills:
 - Level 2.6 Dodging
 - Level 4.0 Stealth
 + Level 2.4 Unarmed Combat
 - Level 2.0 Spellcasting
 - Level 4.4 Hexes


You had 2 spell levels left.
You knew the following spells:

 Your Spells              Type           Power        Failure   Level  Hunger
a - Corona                Hex            ###....      3%          1    #......
b - Ensorcelled Hibernat  Hex/Ice        #.....       13%         2    ###....


Dungeon Overview and Level Annotations

Branches:
Dungeon (2/15)

Altars:

Annotations:
D:2 Robin


Innate Abilities, Weirdness & Mutations

You cannot wear armour.
You are incapable of wielding weapons or throwing items.
Your paws allow you to move quietly. (Stealth)
You have sharp claws.
You have razor-sharp teeth.
You have supernaturally acute eyesight. (SInv)
You are carnivorous and can eat meat at any time.
You cover ground quickly.
You are covered in fur. (AC +1)
You have a slow metabolism.
Your sharp claws are effective at attacking unaware monsters.


Message History

The hobgoblin is almost dead.
The hobgoblin completely misses you.
You see here a goblin corpse.
Casting: Corona
Confirm with . or Enter, or press ? or * to list all spells.
Aiming: Corona
Press: ? - help, Shift-Dir - straight line, f - hobgoblin
Aim: a hobgoblin, wielding a club (almost dead, chance to defeat MR: 69%)
The hobgoblin is outlined in light.
The hobgoblin stops glowing.
There is a stone staircase leading down here.
You climb downwards.
A rat, 8 goblins, 2 hobgoblins and Robin come into view.
Robin is wielding a dagger of venom.
The goblin shouts! x3; Robin shouts!
The goblin shouts! x2
The hobgoblin shouts!
You hear a shout!
The goblin shouts! x3
Found a stone staircase leading down.
There is a stone staircase leading up here.
Robin throws the goblin at you!
You die... #...# #...# ####g..####♣ ......>...♣ g.gggg...♣ gg.....

#.gg#
#@g.#
#gr.#
#...#
#...#
#....
...###
##.#
.#


You could see Robin, 2 hobgoblins, 9 goblins and a rat.

Vanquished Creatures
  3 bats (D:1)
  4 giant cockroaches (D:1)
  A hobgoblin (D:1)
  2 goblins (D:1)
  2 kobolds (D:1)
  A rat (D:1)
13 creatures vanquished.

Notes
Turn   | Place    | Note
-------+----------+-------------------------------------------
     0 | D:1      | inc the Felid Enchanter began the quest for the Orb.
     0 | D:1      | Reached XP level 1. HP: 7/7 MP: 4/4
   223 | D:1      | Reached XP level 2. HP: 2/11 MP: 4/6
   244 | D:1      | Learned a level 2 spell: Ensorcelled Hibernation
   823 | D:2      | Noticed Robin
   824 | D:2      | Hit by a goblin thrown by Robin

Skill      XL: |  1 |
---------------+----+-----
Unarmed Combat | 2 |  2.4
Dodging        | |  2.6
Stealth        | |  4.0
Spellcasting   | |  2.0
Hexes          | |  4.4

Action                   || total
-------------------------++-------
Melee: Unarmed           ||    39
       Bite              ||     2
 Cast: Corona            ||     2
 Stab: Sleeping          ||     8
       Distracted        ||     1
Armor: Skin              ||     2
Dodge: Dodged            ||    23
